 Dungeon Crawl Stone Soup version 0.25-a0-1002-gbcf8c60d55 (webtiles) character file.

Game seed: 5370810496480051985, levelgen mode: deterministic

72 Harbin the Skirmisher (level 4, -6/37 HPs)
             Began as a Demonspawn Monk on May 11, 2020.
             Mangled by a gnoll
             ... wielding a +0 spear
              (8 damage)
             ... on level 3 of the Dungeon.
             The game lasted 00:10:22 (2162 turns).

Harbin the Skirmisher (Demonspawn Monk)             Turns: 2162, Time: 00:10:22

Health: -6/37      AC:  3    Str: 12    XL:     4   Next: 6%
Magic:  3/3        EV: 13    Int: 11    God:
Gold:   97         SH:  0    Dex: 16    Spells: 3/3 levels left

rFire    + . .     SeeInvis .     - Unarmed
rCold    . . .     Gourm    .   (no shield)
rNeg     . . .     Faith    .   c - +0 leather armour
rPois    .         Spirit   .   (helmet restricted)
rElec    .         Reflect  .   (no cloak)
rCorr    .         Harm     .   (no gloves)
MR       .....     Rnd*Rage +   (no boots)
Stlth    ++........             (no amulet)
HPRegen  0.12/turn              f - ring of flight
MPRegen  0.08/turn              (no ring)

@: berserk cooldown
A: antennae 1, berserk 1, blink, fire resistance 1, low mp 1, powered by death 1
a: Blink, Evoke Flight


You were on level 3 of the Dungeon.
You were hungry.

You visited 1 branch of the dungeon, and saw 3 of its levels.

You collected 97 gold pieces.

Inventory:

Missiles
 j - 4 javelins (quivered)
Armour
 a - a +0 robe
 c - a +0 leather armour (worn)
 h - a +0 robe
Jewellery
 f - a ring of flight (left hand)
Scrolls
 d - a scroll of magic mapping {unknown}
 e - a scroll of fog {unknown}
 g - a scroll of identify
 i - a scroll of amnesia
Comestibles
 b - 3 rations


   Skills:
 * Level 3.7 Fighting
 + Level 1.1 Armour
 - Level 3.0 Dodging
 - Level 1.7 Stealth
 * Level 3.4 Unarmed Combat


You had 3 spell levels left.
You didn't know any spells.
Your spell library was empty.

Dungeon Overview and Level Annotations

Branches:
Dungeon (3/15)

Altars:


Innate Abilities, Weirdness & Mutations

You have a pair of small antennae on your head.
You regenerate a little health from kills.
You tend to lose your temper in combat.
You can translocate small distances at will.
Your flesh is heat resistant. (rF+)
Your magical capacity is low. (-10% MP)


Message History

* * * LOW HITPOINT WARNING * * *
An orc comes into view. It is wielding a +0 short sword.
You hit the gnoll.
You kill the gnoll!
You have reached level 4!
You feel agile.
Your demonic ancestry asserts itself...
A pair of antennae grows on your head! The orc hits you but does no damage.
An orc comes into view.
It is wielding a +0 short sword of draining.
The orc shouts!
You hit the orc but do no damage.
The gnoll hits you from afar with a +0 spear.
* * * LOW HITPOINT WARNING * * *
The orc hits you but does no damage.
You hit the orc.
The orc is heavily wounded.
The orc misses you. The orc hits you with a +0 dagger.
* * * LOW HITPOINT WARNING * * *
The gnoll hits you from afar with a +0 spear!
You die...

........K. $......g
....... ..... ....
..... #K. ...K... #g#
..(...#. #(# ........
#@## ##........
#oo###.........
##...#.#.......
###.............
#######..o...........
#...>##.###.^.......#
#....##.<............
#........####.......#
#........####..##...#


You could see a gnoll, 3 orcs and a kobold.

Vanquished Creatures
  2 adders
  2 gnolls (D:3)
  A worm (D:2)
  2 leopard geckos (D:1)
  A giant cockroach (D:1)
  5 goblins
  5 hobgoblins
  A kobold (D:2)
  A quokka (D:2)
  4 bats
  2 frilled lizards (D:1)
  3 rats
29 creatures vanquished.

Notes
Turn   | Place    | Note
-------+----------+-------------------------------------------
     0 | D:1      | Harbin the Demonspawn Monk began the quest for the Orb.
     0 | D:1      | Reached XP level 1. HP: 18/18 MP: 1/1
   261 | D:1      | Gained mutation: You regenerate a little health from kills.
                  | [demonic ancestry]
   261 | D:1      | Reached XP level 2. HP: 20/24 MP: 2/2
  1362 | D:2      | Reached XP level 3. HP: 28/29 MP: 3/3
  1950 | D:2      | Gained mutation: You tend to lose your temper in combat.
                  | [potion of mutation]
  1950 | D:2      | Gained mutation: Your flesh is heat resistant. (rF+)
                  | [potion of mutation]
  1950 | D:2      | Gained mutation: Your magical capacity is low. (-10% MP)
                  | [potion of mutation]
  1950 | D:2      | Gained mutation: You can translocate small distances at
                  | will. [potion of mutation]
  1996 | D:3      | Reached skill level 1 in Armour
  2160 | D:3      | Gained mutation: You have a pair of small antennae on your
                  | head. [demonic ancestry]
  2160 | D:3      | Reached XP level 4. HP: 6/37 MP: 3/3
  2162 | D:3      | Mangled by a gnoll

Illustrated notes

Levels and vault maps discovered:
D:1:      psy_arrival_radial02, layout_basic
D:2:      layout_basic
D:3:      layout_rooms, grunt_temple_overflow_open,
          nemelex_xobeh_ov_fountains_minmay, gammafunk_ghost_smash, first_ration

Skill      XL: |  1  2  3 |
---------------+----------+-----
Unarmed Combat | 3 |  3.4
Dodging        | 3 |  3.0
Armour         | 1 |  1.1
Fighting       | |  3.7
Stealth        | |  1.7

Action                   |  1- 3 |  4- 6 || total
-------------------------+-------+-------++-------
Melee: Unarmed           |   131 |     2 ||   133
       Punch             |     3 |       ||     3
Throw: Javelin           |     1 |       ||     1
  Use: Scroll            |     5 |       ||     5
       Potion            |     3 |       ||     3
 Stab: Sleeping          |     2 |       ||     2
  Eat: Chunk             |     3 |       ||     3
Armor: Robe              |    10 |       ||    10
       Leather armour    |    10 |     1 ||    11
Dodge: Dodged            |    73 |     1 ||    74

Table legend:
 A = Non-vault XP
 B = Vault XP
 C = Vault XP percentage of total XP
 D = Non-vault monster count
 E = Vault monster count
 F = Vault count percentage of total count
                 A         B        C        D         E       F
            +---------+---------+-------+---------+---------+-------
      Total |     103 |       0 |   0.0 |      29 |       0 |   0.0
            +---------+---------+-------+---------+---------+-------
        D:1 |      26 |       0 |   0.0 |      15 |       0 |   0.0
        D:2 |      32 |       0 |   0.0 |       9 |       0 |   0.0
        D:3 |      45 |       0 |   0.0 |       5 |       0 |   0.0
            +---------+---------+-------+---------+---------+-------
